[ PARTIDA AOE2 · #476714517 ]
UnrankedTeutones vs Britons
[ ANÁLISIS DE REPETICIÓN · EXTRAÍDO DE LA PARTIDA GRABADA ]
Feudal
12:58
Castillos
22:18
Imperial
40:42
| APM promedio | 19.9 |
| APM pico | 66 |
| eAPM promedio | 9.8 |
| Aldeanos / militares | 77 / 75 |
Foco
⚔️ 31.5% · 🌾 68.5%
Knight ×63 · Teutonic Knight ×11 · Monk ×1
Feudal
14:05
Castillos
19:58
Imperial
35:35
| APM promedio | 8.4 |
| APM pico | 27 |
| eAPM promedio | 6.1 |
| Aldeanos / militares | 66 / 33 |
Foco
⚔️ 25.1% · 🌾 74.9%
Skirmisher ×12 · Militia ×7 · Spearman ×7 · Battering Ram ×5 · Mangonel ×2
Feudal
—
Castillos
—
Imperial
—
| APM promedio | 21.9 |
| APM pico | 53 |
| eAPM promedio | 13.2 |
| Aldeanos / militares | 99 / 151 |
Foco
⚔️ 38.2% · 🌾 61.8%
Longbowman ×74 · Knight ×29 · Scout Cavalry ×16 · Skirmisher ×14 · Battering Ram ×11 · Trebuchet (Packed) ×5
Feudal
—
Castillos
—
Imperial
—
| APM promedio | 12.8 |
| APM pico | 31 |
| eAPM promedio | 9.7 |
| Aldeanos / militares | 102 / 111 |
Foco
⚔️ 20.8% · 🌾 79.2%
Knight ×109 · Trade Cart ×5 · Skirmisher ×2
Feudal
13:33
Castillos
20:09
Imperial
36:57
| APM promedio | 15.6 |
| APM pico | 37 |
| eAPM promedio | 11.2 |
| Aldeanos / militares | 112 / 91 |
Foco
⚔️ 22.6% · 🌾 77.4%
Skirmisher ×50 · Spearman ×31 · Militia ×7 · Monk ×3
Feudal
11:25
Castillos
28:06
Imperial
46:20
| APM promedio | 31.8 |
| APM pico | 68 |
| eAPM promedio | 16.6 |
| Aldeanos / militares | 135 / 144 |
Foco
⚔️ 31.4% · 🌾 68.6%
Archer ×115 · Scout Cavalry ×22 · Mangudai ×7
Feudal
14:54
Castillos
27:47
Imperial
40:43
| APM promedio | 19.1 |
| APM pico | 48 |
| eAPM promedio | 9.1 |
| Aldeanos / militares | 81 / 78 |
Foco
⚔️ 34.2% · 🌾 65.8%
Spearman ×59 · Archer ×10 · Longbowman ×7 · Monk ×2
Feudal
11:44
Castillos
27:44
Imperial
46:45
| APM promedio | 13.6 |
| APM pico | 44 |
| eAPM promedio | 9.1 |
| Aldeanos / militares | 82 / 38 |
Foco
⚔️ 20.7% · 🌾 79.3%
Skirmisher ×17 · Knight ×16 · Trade Cart ×8 · Spearman ×5
Mapa de la partida
Recursos iniciales + cada clic de construcción. Líneas = muros · curvas = relieve. ◆ oro · ⬟ piedra · ● bayas · ✦ reliquia · ◌ hueco del cierre
Tu base· Abierta — flanco sin cerrar
Base de Imass Debate· Abierta — flanco sin cerrar
Base de azuasis· Abierta — flanco sin cerrar
Base de Truslero· Abierta — hueco de 8t
Base de avocado toast· Abierta — flanco sin cerrar
Base de Greenboy· Abierta — flanco sin cerrar
Base de kvuqywyzyh· Abierta — flanco sin cerrar
Base de An3· Abierta — flanco sin cerrar
Terreno inicial suavizado · ◌ = hueco del cierre detectado · pasá el cursor para detalles
Inputs por minuto
— 我的最爱叫婷婷 - - Imass Debate
Build order — 我的最爱叫婷婷
Primeras 150 de 252 acciones detectadas
| 0:04 | Construir | House |
| 0:08 | Construir | House |
| 0:27 | Crear | Villager (Male) |
| 0:27 | Crear | Villager (Male) |
| 0:27 | Crear | Villager (Male) |
| 0:28 | Crear | Villager (Male) |
| 1:20 | Investigar | Loom |
| 1:53 | Crear | Villager (Male) |
| 2:43 | Crear | Villager (Male) |
| 3:01 | Crear | Villager (Male) |
| 3:40 | Crear | Villager (Male) |
| 3:41 | Crear | Villager (Male) |
| 3:45 | Construir | Lumber Camp |
| 4:23 | Construir | House |
| 4:51 | Crear | Villager (Male) |
| 4:51 | Crear | Villager (Male) |
| 4:51 | Crear | Villager (Male) |
| 4:59 | Construir | Mill |
| 5:46 | Crear | Villager (Male) |
| 5:46 | Crear | Villager (Male) |
| 5:54 | Crear | Villager (Male) |
| 6:48 | Construir | House |
| 7:22 | Crear | Villager (Male) |
| 7:22 | Crear | Villager (Male) |
| 7:55 | Crear | Villager (Male) |
| 8:37 | Crear | Villager (Male) |
| 8:49 | Construir | Mining Camp |
| 9:26 | Construir | Mining Camp |
| 9:33 | Crear | Villager (Male) |
| 9:34 | Crear | Villager (Male) |
| 10:10 | Crear | Villager (Male) |
| 10:37 | Construir | Barracks |
| 10:42 | Crear | Villager (Male) |
| 10:45 | Investigar | Feudal Age |
| 11:15 | Construir | House |
| 11:20 | Crear | Villager (Male) |
| 11:27 | Crear | Villager (Male) |
| 11:27 | Crear | Villager (Male) |
| 12:15 | Construir | House |
| 12:58 | Edad | Edad Feudal |
| 13:26 | Construir | Stable |
| 13:31 | Construir | Blacksmith |
| 13:43 | Investigar | Wheelbarrow |
| 13:45 | Investigar | Double-Bit Axe |
| 14:16 | Construir | House |
| 14:30 | Crear | Villager (Male) |
| 14:30 | Crear | Villager (Male) |
| 14:30 | Crear | Villager (Male) |
| 14:47 | Construir | Stone Wall |
| 15:22 | Investigar | Town Watch |
| 16:02 | Investigar | Horse Collar |
| 16:20 | Construir | Mill |
| 16:29 | Construir | Farm |
| 16:34 | Construir | Farm |
| 16:43 | Construir | Farm |
| 16:47 | Construir | Farm |
| 16:51 | Construir | Farm |
| 16:54 | Construir | Farm |
| 16:57 | Construir | Farm |
| 17:00 | Construir | Farm |
| 17:03 | Construir | Farm |
| 17:15 | Crear | Villager (Male) |
| 17:51 | Construir | Farm |
| 17:53 | Crear | Villager (Male) |
| 18:40 | Crear | Villager (Male) |
| 18:47 | Construir | Farm |
| 18:55 | Crear | Villager (Male) |
| 19:27 | Construir | Mill |
| 19:38 | Investigar | Castle Age |
| 19:45 | Construir | Farm |
| 20:27 | Crear | Villager (Male) |
| 20:27 | Crear | Villager (Male) |
| 20:27 | Crear | Villager (Male) |
| 21:44 | Crear | Villager (Male) |
| 21:45 | Crear | Villager (Male) |
| 21:56 | Investigar | Bloodlines |
| 21:59 | Investigar | Scale Barding Armor |
| 22:00 | Investigar | Forging |
| 22:18 | Edad | Edad de los Castillos |
| 22:30 | Investigar | Hand Cart |
| 22:36 | Investigar | Gold Mining |
| 22:39 | Investigar | Stone Mining |
| 22:46 | Investigar | Heavy Plow |
| 23:03 | Investigar | Bow Saw |
| 23:16 | Crear | Villager (Male) |
| 23:30 | Crear | Knight |
| 23:44 | Construir | House |
| 23:48 | Crear | Villager (Male) |
| 23:48 | Crear | Villager (Male) |
| 25:27 | Construir | Farm |
| 25:31 | Crear | Villager (Male) |
| 26:21 | Crear | Knight |
| 26:21 | Crear | Knight |
| 26:40 | Construir | Castle |
| 26:54 | Construir | Castle |
| 28:42 | Crear | Villager (Male) |
| 28:42 | Crear | Villager (Male) |
| 28:42 | Crear | Villager (Male) |
| 29:02 | Construir | Market |
| 29:05 | Crear | Villager (Male) |
| 29:06 | Crear | Villager (Male) |
| 29:06 | Crear | Villager (Male) |
| 29:33 | Investigar | Town Patrol |
| 29:40 | Construir | Farm |
| 30:09 | Construir | Farm |
| 30:27 | Construir | Farm |
| 30:59 | Investigar | Chain Barding Armor |
| 30:59 | Investigar | Fletching |
| 31:00 | Investigar | Iron Casting |
| 31:02 | Crear | Knight |
| 31:03 | Crear | Knight |
| 31:03 | Crear | Knight |
| 31:03 | Crear | Knight |
| 31:10 | Crear | Villager (Male) |
| 31:10 | Crear | Villager (Male) |
| 31:10 | Crear | Villager (Male) |
| 31:11 | Crear | Villager (Male) |
| 31:21 | Construir | Farm |
| 32:03 | Investigar | Fletching |
| 32:15 | Construir | Town Center |
| 32:25 | Construir | Monastery |
| 33:00 | Crear | Villager (Male) |
| 33:01 | Crear | Villager (Male) |
| 33:14 | Crear | Monk |
| 33:26 | Construir | Farm |
| 33:28 | Crear | Villager (Male) |
| 33:28 | Crear | Villager (Male) |
| 33:28 | Crear | Villager (Male) |
| 35:00 | Crear | Knight |
| 35:00 | Crear | Knight |
| 35:00 | Crear | Knight |
| 35:00 | Crear | Knight |
| 35:01 | Crear | Knight |
| 35:09 | Construir | Stone Wall |
| 35:23 | Construir | Watch Tower |
| 35:44 | Construir | University |
| 36:00 | Construir | Gate |
| 36:12 | Investigar | Bodkin Arrow |
| 36:14 | Crear | Knight |
| 36:14 | Crear | Knight |
| 36:14 | Crear | Knight |
| 36:14 | Crear | Knight |
| 36:56 | Construir | Stable |
| 37:00 | Construir | Stable |
| 37:03 | Construir | Stable |
| 37:07 | Construir | Stable |
| 37:32 | Investigar | Imperial Age |
| 37:33 | Crear | Villager (Male) |
| 37:33 | Crear | Villager (Male) |
| 37:33 | Crear | Villager (Male) |
Build order — Imass Debate
Primeras 150 de 193 acciones detectadas
| 0:03 | Crear | Villager (Male) |
| 0:03 | Crear | Villager (Male) |
| 0:03 | Crear | Villager (Male) |
| 0:04 | Crear | Villager (Male) |
| 0:04 | Crear | Villager (Male) |
| 0:06 | Construir | House |
| 0:09 | Construir | House |
| 0:10 | Construir | House |
| 1:42 | Investigar | Loom |
| 1:44 | Crear | Villager (Male) |
| 2:20 | Crear | Villager (Male) |
| 2:47 | Crear | Villager (Male) |
| 3:13 | Crear | Villager (Male) |
| 3:13 | Crear | Villager (Male) |
| 3:54 | Construir | Mill |
| 4:20 | Crear | Villager (Male) |
| 4:21 | Crear | Villager (Male) |
| 5:10 | Crear | Villager (Male) |
| 5:31 | Crear | Villager (Male) |
| 5:31 | Crear | Villager (Male) |
| 5:49 | Construir | Lumber Camp |
| 6:00 | Crear | Villager (Male) |
| 6:54 | Crear | Villager (Male) |
| 6:54 | Crear | Villager (Male) |
| 7:15 | Construir | House |
| 7:53 | Crear | Villager (Male) |
| 7:53 | Crear | Villager (Male) |
| 8:14 | Construir | Mining Camp |
| 8:32 | Construir | Mill |
| 8:49 | Crear | Villager (Male) |
| 8:49 | Crear | Villager (Male) |
| 9:47 | Crear | Villager (Male) |
| 9:47 | Crear | Villager (Male) |
| 9:54 | Construir | House |
| 10:45 | Construir | Farm |
| 10:46 | Construir | Farm |
| 10:46 | Construir | Farm |
| 11:05 | Crear | Villager (Male) |
| 11:05 | Crear | Villager (Male) |
| 11:22 | Construir | Barracks |
| 11:43 | Investigar | Feudal Age |
| 14:02 | Construir | Farm |
| 14:02 | Construir | Farm |
| 14:03 | Construir | Farm |
| 14:04 | Construir | Farm |
| 14:04 | Construir | Farm |
| 14:05 | Edad | Edad Feudal |
| 14:11 | Investigar | Wheelbarrow |
| 14:15 | Investigar | Horse Collar |
| 14:19 | Investigar | Double-Bit Axe |
| 14:28 | Construir | House |
| 14:30 | Construir | House |
| 14:31 | Construir | House |
| 14:32 | Construir | House |
| 15:28 | Crear | Villager (Male) |
| 15:28 | Crear | Villager (Male) |
| 15:41 | Construir | Market |
| 15:47 | Construir | Blacksmith |
| 16:21 | Crear | Villager (Male) |
| 16:21 | Crear | Villager (Male) |
| 16:43 | Construir | Farm |
| 16:44 | Construir | Farm |
| 16:45 | Construir | Farm |
| 17:18 | Investigar | Castle Age |
| 17:34 | Construir | Farm |
| 17:35 | Construir | Farm |
| 17:36 | Construir | Farm |
| 18:11 | Construir | Farm |
| 18:12 | Construir | Farm |
| 18:12 | Construir | Farm |
| 18:22 | Crear | Skirmisher |
| 18:22 | Crear | Skirmisher |
| 18:22 | Crear | Skirmisher |
| 18:23 | Crear | Skirmisher |
| 18:26 | Crear | Skirmisher |
| 19:35 | Investigar | Fletching |
| 19:58 | Edad | Edad de los Castillos |
| 20:01 | Construir | Siege Workshop |
| 20:24 | Crear | Skirmisher |
| 20:25 | Crear | Skirmisher |
| 20:25 | Crear | Skirmisher |
| 20:43 | Crear | Villager (Male) |
| 20:43 | Crear | Villager (Male) |
| 20:43 | Crear | Villager (Male) |
| 20:46 | Investigar | Bodkin Arrow |
| 21:05 | Crear | Battering Ram |
| 21:35 | Investigar | Man-at-Arms (upgrade) |
| 22:23 | Crear | Villager (Male) |
| 22:23 | Crear | Villager (Male) |
| 22:23 | Crear | Villager (Male) |
| 22:24 | Crear | Villager (Male) |
| 22:34 | Construir | Town Center |
| 23:14 | Crear | Skirmisher |
| 23:14 | Crear | Skirmisher |
| 23:15 | Crear | Skirmisher |
| 23:15 | Crear | Skirmisher |
| 23:30 | Crear | Mangonel |
| 23:53 | Investigar | Pikeman (upgrade) |
| 24:35 | Investigar | Elite Skirmisher (upgrade) |
| 25:20 | Construir | Lumber Camp |
| 26:04 | Crear | Villager (Male) |
| 26:05 | Crear | Villager (Male) |
| 26:05 | Crear | Villager (Male) |
| 26:05 | Crear | Villager (Male) |
| 26:05 | Crear | Villager (Male) |
| 26:06 | Crear | Villager (Male) |
| 26:06 | Crear | Villager (Male) |
| 26:06 | Crear | Villager (Male) |
| 26:06 | Crear | Villager (Male) |
| 26:07 | Crear | Villager (Male) |
| 26:07 | Crear | Villager (Male) |
| 26:22 | Crear | Villager (Male) |
| 26:23 | Crear | Villager (Male) |
| 26:23 | Crear | Villager (Male) |
| 26:23 | Crear | Villager (Male) |
| 26:24 | Crear | Villager (Male) |
| 27:34 | Construir | Farm |
| 27:35 | Construir | Farm |
| 27:37 | Construir | Farm |
| 27:37 | Construir | Farm |
| 27:41 | Construir | Farm |
| 28:02 | Construir | Farm |
| 28:42 | Crear | Villager (Male) |
| 28:42 | Crear | Villager (Male) |
| 28:42 | Crear | Villager (Male) |
| 28:43 | Crear | Villager (Male) |
| 28:59 | Construir | University |
| 29:03 | Construir | Monastery |
| 29:12 | Construir | Farm |
| 29:23 | Construir | House |
| 29:31 | Construir | House |
| 29:32 | Construir | House |
| 29:33 | Construir | House |
| 29:36 | Construir | Farm |
| 30:09 | Crear | Villager (Male) |
| 30:20 | Crear | Villager (Male) |
| 30:20 | Crear | Villager (Male) |
| 30:24 | Investigar | Hand Cart |
| 30:35 | Crear | Mangonel |
| 31:54 | Investigar | Imperial Age |
| 32:13 | Construir | Town Center |
| 33:05 | Investigar | Bow Saw |
| 34:07 | Construir | Siege Workshop |
| 34:46 | Construir | Barracks |
| 34:51 | Crear | Battering Ram |
| 35:18 | Crear | Battering Ram |
| 35:21 | Investigar | Long Swordsman (upgrade) |
| 35:27 | Investigar | Forging |
| 35:35 | Edad | Edad Imperial |
| 35:36 | Construir | Barracks |
Build order — azuasis
Primeras 150 de 410 acciones detectadas
| 0:02 | Investigar | Loom |
| 0:03 | Crear | Villager (Male) |
| 0:03 | Crear | Villager (Male) |
| 0:03 | Crear | Villager (Male) |
| 0:03 | Crear | Villager (Male) |
| 0:04 | Crear | Villager (Male) |
| 0:06 | Construir | House |
| 0:07 | Construir | House |
| 1:56 | Crear | Villager (Male) |
| 2:20 | Crear | Villager (Male) |
| 2:20 | Crear | Villager (Male) |
| 2:40 | Construir | Lumber Camp |
| 2:51 | Crear | Villager (Male) |
| 2:52 | Crear | Villager (Male) |
| 2:52 | Crear | Villager (Male) |
| 3:42 | Crear | Villager (Male) |
| 3:42 | Crear | Villager (Male) |
| 3:42 | Crear | Villager (Male) |
| 3:59 | Crear | Villager (Male) |
| 4:00 | Crear | Villager (Male) |
| 4:36 | Crear | Villager (Male) |
| 4:37 | Crear | Villager (Male) |
| 4:37 | Crear | Villager (Male) |
| 5:07 | Construir | House |
| 5:19 | Crear | Villager (Male) |
| 5:19 | Crear | Villager (Male) |
| 5:37 | Construir | House |
| 5:38 | Construir | House |
| 5:46 | Crear | Villager (Male) |
| 5:46 | Crear | Villager (Male) |
| 5:46 | Crear | Villager (Male) |
| 6:06 | Construir | Mill |
| 6:08 | Construir | House |
| 6:36 | Crear | Villager (Male) |
| 6:37 | Crear | Villager (Male) |
| 6:57 | Construir | Mill |
| 7:01 | Crear | Villager (Male) |
| 7:02 | Crear | Villager (Male) |
| 7:45 | Crear | Villager (Male) |
| 8:19 | Construir | Mining Camp |
| 8:22 | Construir | House |
| 8:26 | Crear | Villager (Male) |
| 8:37 | Construir | Mining Camp |
| 8:41 | Construir | House |
| 9:03 | Crear | Villager (Male) |
| 9:47 | Crear | Villager (Male) |
| 9:48 | Crear | Villager (Male) |
| 9:48 | Crear | Villager (Male) |
| 9:48 | Crear | Villager (Male) |
| 9:48 | Crear | Villager (Male) |
| 9:49 | Crear | Villager (Male) |
| 9:49 | Crear | Villager (Male) |
| 10:37 | Construir | Palisade Wall |
| 10:55 | Construir | Palisade Wall |
| 11:38 | Crear | Villager (Male) |
| 11:39 | Crear | Villager (Male) |
| 11:39 | Crear | Villager (Male) |
| 11:39 | Crear | Villager (Male) |
| 11:39 | Crear | Villager (Male) |
| 11:39 | Crear | Villager (Male) |
| 11:40 | Crear | Villager (Male) |
| 11:40 | Crear | Villager (Male) |
| 12:00 | Construir | Outpost |
| 12:18 | Construir | Palisade Wall |
| 12:27 | Construir | Palisade Gate |
| 13:39 | Construir | Palisade Wall |
| 13:49 | Construir | Palisade Wall |
| 14:54 | Construir | Outpost |
| 16:59 | Investigar | Feudal Age |
| 17:13 | Construir | Farm |
| 17:14 | Construir | Farm |
| 17:14 | Construir | Farm |
| 17:14 | Construir | Farm |
| 17:15 | Construir | Farm |
| 17:15 | Construir | Farm |
| 17:15 | Construir | Farm |
| 17:16 | Construir | Farm |
| 17:16 | Construir | Farm |
| 17:16 | Construir | Farm |
| 17:16 | Construir | Farm |
| 17:17 | Construir | Farm |
| 17:17 | Construir | Farm |
| 17:17 | Construir | Farm |
| 17:17 | Construir | Farm |
| 17:17 | Construir | Farm |
| 17:18 | Construir | Farm |
| 17:18 | Construir | Farm |
| 17:18 | Construir | Farm |
| 17:19 | Construir | Farm |
| 17:19 | Construir | Farm |
| 17:45 | Construir | Palisade Wall |
| 18:03 | Construir | House |
| 18:04 | Construir | House |
| 18:05 | Construir | House |
| 18:07 | Construir | House |
| 18:08 | Construir | House |
| 18:11 | Construir | House |
| 18:41 | Construir | Palisade Gate |
| 19:15 | Investigar | Wheelbarrow |
| 19:17 | Investigar | Town Watch |
| 19:18 | Investigar | Double-Bit Axe |
| 19:22 | Investigar | Stone Mining |
| 19:26 | Investigar | Gold Mining |
| 19:34 | Construir | Market |
| 19:41 | Construir | Blacksmith |
| 20:18 | Investigar | Horse Collar |
| 20:44 | Construir | Stone Wall |
| 20:55 | Construir | Gate |
| 21:15 | Investigar | Castle Age |
| 22:33 | Construir | Barracks |
| 22:35 | Construir | Barracks |
| 22:58 | Investigar | Fletching |
| 22:58 | Investigar | Padded Archer Armor |
| 23:12 | Construir | Archery Range |
| 23:17 | Construir | Archery Range |
| 23:58 | Investigar | Bow Saw |
| 24:02 | Investigar | Hand Cart |
| 24:06 | Investigar | Heavy Plow |
| 24:18 | Construir | Town Center |
| 24:58 | Construir | Town Center |
| 25:16 | Construir | Town Center |
| 25:30 | Construir | Town Center |
| 25:34 | Crear | Villager (Male) |
| 25:35 | Crear | Villager (Male) |
| 25:35 | Crear | Villager (Male) |
| 25:35 | Crear | Villager (Male) |
| 25:35 | Crear | Villager (Male) |
| 25:36 | Crear | Villager (Male) |
| 25:58 | Construir | Mill |
| 26:01 | Crear | Villager (Male) |
| 26:02 | Crear | Villager (Male) |
| 26:02 | Crear | Villager (Male) |
| 26:02 | Crear | Villager (Male) |
| 26:02 | Crear | Villager (Male) |
| 26:03 | Crear | Villager (Male) |
| 26:20 | Crear | Villager (Male) |
| 26:20 | Crear | Villager (Male) |
| 26:21 | Crear | Villager (Male) |
| 26:21 | Crear | Villager (Male) |
| 26:59 | Construir | Castle |
| 27:03 | Investigar | Leather Archer Armor |
| 27:11 | Construir | University |
| 27:15 | Construir | Monastery |
| 27:23 | Crear | Villager (Male) |
| 27:23 | Crear | Villager (Male) |
| 27:24 | Crear | Villager (Male) |
| 27:24 | Crear | Villager (Male) |
| 27:24 | Crear | Villager (Male) |
| 27:39 | Crear | Villager (Male) |
| 27:39 | Crear | Villager (Male) |
Build order — Truslero
Primeras 150 de 282 acciones detectadas
| 0:05 | Crear | Villager (Male) |
| 0:05 | Crear | Villager (Male) |
| 0:05 | Crear | Villager (Male) |
| 0:06 | Crear | Villager (Male) |
| 0:09 | Construir | House |
| 0:11 | Construir | House |
| 0:12 | Construir | House |
| 0:46 | Investigar | Loom |
| 2:14 | Construir | Mill |
| 2:33 | Construir | Lumber Camp |
| 2:44 | Crear | Villager (Male) |
| 3:23 | Crear | Villager (Male) |
| 3:49 | Crear | Villager (Male) |
| 4:17 | Crear | Villager (Male) |
| 4:18 | Crear | Villager (Male) |
| 4:30 | Crear | Villager (Male) |
| 5:13 | Crear | Villager (Male) |
| 5:13 | Crear | Villager (Male) |
| 5:15 | Crear | Villager (Male) |
| 5:42 | Crear | Villager (Male) |
| 5:42 | Crear | Villager (Male) |
| 6:37 | Crear | Villager (Male) |
| 6:38 | Crear | Villager (Male) |
| 6:40 | Crear | Villager (Male) |
| 7:50 | Construir | Mill |
| 8:33 | Investigar | Feudal Age |
| 8:59 | Construir | House |
| 11:08 | Investigar | Wheelbarrow |
| 11:12 | Investigar | Double-Bit Axe |
| 11:20 | Crear | Villager (Male) |
| 11:20 | Crear | Villager (Male) |
| 11:21 | Crear | Villager (Male) |
| 11:22 | Crear | Villager (Male) |
| 11:57 | Construir | Market |
| 12:03 | Construir | Mining Camp |
| 12:55 | Construir | Blacksmith |
| 13:03 | Construir | Farm |
| 13:04 | Construir | Farm |
| 13:04 | Construir | Farm |
| 13:04 | Construir | Farm |
| 13:11 | Investigar | Town Watch |
| 14:03 | Construir | Farm |
| 15:18 | Crear | Villager (Male) |
| 15:18 | Crear | Villager (Male) |
| 15:34 | Construir | Farm |
| 15:34 | Construir | Farm |
| 15:53 | Construir | House |
| 15:56 | Construir | House |
| 16:01 | Construir | House |
| 16:03 | Construir | House |
| 16:37 | Crear | Villager (Male) |
| 16:37 | Crear | Villager (Male) |
| 16:41 | Construir | Farm |
| 16:41 | Construir | Farm |
| 17:40 | Investigar | Castle Age |
| 18:11 | Construir | Lumber Camp |
| 19:18 | Investigar | Forging |
| 19:19 | Investigar | Scale Barding Armor |
| 20:21 | Investigar | Hand Cart |
| 20:25 | Investigar | Bow Saw |
| 20:32 | Investigar | Gold Mining |
| 21:21 | Construir | Town Center |
| 21:39 | Investigar | Iron Casting |
| 21:43 | Crear | Villager (Male) |
| 21:50 | Construir | Farm |
| 22:07 | Crear | Villager (Male) |
| 22:07 | Crear | Villager (Male) |
| 22:12 | Construir | Farm |
| 22:12 | Construir | Farm |
| 22:37 | Crear | Villager (Male) |
| 22:37 | Crear | Villager (Male) |
| 22:37 | Crear | Villager (Male) |
| 22:37 | Crear | Villager (Male) |
| 23:03 | Crear | Villager (Male) |
| 23:05 | Crear | Villager (Male) |
| 23:13 | Construir | Farm |
| 23:21 | Crear | Villager (Male) |
| 23:21 | Crear | Villager (Male) |
| 23:33 | Construir | Town Center |
| 23:42 | Crear | Villager (Male) |
| 23:42 | Crear | Villager (Male) |
| 23:48 | Crear | Villager (Male) |
| 24:31 | Construir | Lumber Camp |
| 24:42 | Investigar | Fletching |
| 24:47 | Crear | Villager (Male) |
| 24:48 | Crear | Villager (Male) |
| 24:51 | Crear | Villager (Male) |
| 24:51 | Crear | Villager (Male) |
| 24:56 | Construir | Farm |
| 24:56 | Construir | Farm |
| 24:56 | Construir | Farm |
| 25:05 | Crear | Villager (Male) |
| 25:11 | Crear | Villager (Male) |
| 25:12 | Crear | Villager (Male) |
| 25:12 | Crear | Villager (Male) |
| 25:16 | Construir | Farm |
| 25:16 | Construir | Farm |
| 25:16 | Construir | Farm |
| 25:16 | Construir | Farm |
| 25:22 | Crear | Villager (Male) |
| 25:23 | Crear | Villager (Male) |
| 25:44 | Construir | Barracks |
| 25:58 | Crear | Villager (Male) |
| 25:58 | Crear | Villager (Male) |
| 26:03 | Construir | Farm |
| 26:04 | Construir | Farm |
| 26:20 | Investigar | Chain Barding Armor |
| 26:32 | Construir | Stable |
| 26:36 | Construir | Stable |
| 26:42 | Construir | Farm |
| 26:45 | Crear | Villager (Male) |
| 26:45 | Crear | Villager (Male) |
| 26:45 | Crear | Villager (Male) |
| 26:57 | Crear | Villager (Male) |
| 26:57 | Crear | Villager (Male) |
| 27:11 | Crear | Villager (Male) |
| 27:11 | Crear | Villager (Male) |
| 27:21 | Construir | House |
| 27:22 | Construir | House |
| 27:23 | Construir | House |
| 27:40 | Investigar | Husbandry |
| 27:57 | Construir | Mining Camp |
| 28:00 | Investigar | Scale Mail Armor |
| 28:04 | Investigar | Light Cavalry (upgrade) |
| 28:16 | Construir | House |
| 28:17 | Construir | House |
| 28:18 | Construir | House |
| 28:20 | Construir | House |
| 28:21 | Construir | House |
| 28:22 | Construir | House |
| 28:24 | Construir | House |
| 28:25 | Construir | House |
| 28:33 | Investigar | Town Patrol |
| 28:38 | Crear | Villager (Male) |
| 28:38 | Crear | Villager (Male) |
| 28:42 | Construir | Farm |
| 28:42 | Construir | Farm |
| 28:43 | Construir | Farm |
| 28:43 | Construir | Farm |
| 28:49 | Crear | Villager (Male) |
| 28:49 | Crear | Villager (Male) |
| 28:50 | Crear | Villager (Male) |
| 29:07 | Investigar | Caravan |
| 29:20 | Investigar | Bodkin Arrow |
| 29:37 | Construir | Farm |
| 29:47 | Crear | Knight ×3 |
| 29:48 | Crear | Knight ×3 |
| 29:53 | Construir | Farm |
| 29:54 | Construir | Farm |
| 29:54 | Construir | Farm |
Build order — avocado toast
Primeras 150 de 294 acciones detectadas
| 0:04 | Crear | Villager (Male) |
| 0:04 | Investigar | Loom |
| 0:05 | Crear | Villager (Male) |
| 0:05 | Investigar | Loom |
| 0:05 | Crear | Villager (Male) |
| 0:05 | Crear | Villager (Male) |
| 0:07 | Construir | House |
| 0:09 | Construir | House |
| 0:10 | Construir | House |
| 1:41 | Crear | Villager (Male) |
| 1:42 | Crear | Villager (Male) |
| 1:42 | Crear | Villager (Male) |
| 2:40 | Crear | Villager (Male) |
| 2:40 | Crear | Villager (Male) |
| 2:41 | Crear | Villager (Male) |
| 3:33 | Crear | Villager (Male) |
| 3:33 | Crear | Villager (Male) |
| 3:33 | Crear | Villager (Male) |
| 3:34 | Crear | Villager (Male) |
| 3:48 | Crear | Villager (Male) |
| 3:49 | Crear | Villager (Male) |
| 4:39 | Crear | Villager (Male) |
| 4:40 | Crear | Villager (Male) |
| 4:40 | Crear | Villager (Male) |
| 4:40 | Crear | Villager (Male) |
| 5:17 | Construir | Mill |
| 5:36 | Crear | Villager (Male) |
| 5:37 | Crear | Villager (Male) |
| 5:37 | Crear | Villager (Male) |
| 5:37 | Crear | Villager (Male) |
| 6:27 | Crear | Villager (Male) |
| 6:27 | Crear | Villager (Male) |
| 6:27 | Crear | Villager (Male) |
| 6:47 | Construir | Lumber Camp |
| 6:51 | Crear | Villager (Male) |
| 6:51 | Crear | Villager (Male) |
| 6:58 | Construir | House |
| 8:05 | Construir | Mill |
| 8:32 | Construir | Mining Camp |
| 8:36 | Crear | Villager (Male) |
| 8:37 | Crear | Villager (Male) |
| 8:37 | Crear | Villager (Male) |
| 8:37 | Crear | Villager (Male) |
| 8:37 | Crear | Villager (Male) |
| 9:51 | Crear | Villager (Male) |
| 9:51 | Crear | Villager (Male) |
| 9:52 | Crear | Villager (Male) |
| 10:07 | Construir | House |
| 10:08 | Construir | House |
| 11:23 | Investigar | Feudal Age |
| 11:23 | Investigar | Feudal Age |
| 11:23 | Investigar | Feudal Age |
| 11:44 | Construir | Barracks |
| 12:41 | Crear | Villager (Male) |
| 12:41 | Crear | Villager (Male) |
| 12:52 | Construir | House |
| 12:58 | Crear | Militia |
| 12:59 | Crear | Militia |
| 12:59 | Crear | Militia |
| 12:59 | Crear | Militia |
| 13:00 | Crear | Militia |
| 13:05 | Crear | Militia |
| 13:05 | Crear | Militia |
| 13:33 | Edad | Edad Feudal |
| 13:51 | Crear | Skirmisher |
| 13:51 | Crear | Skirmisher |
| 13:51 | Crear | Skirmisher |
| 13:52 | Crear | Skirmisher |
| 13:52 | Crear | Skirmisher |
| 13:52 | Crear | Skirmisher |
| 15:37 | Construir | Farm |
| 15:46 | Construir | Market |
| 15:54 | Construir | Blacksmith |
| 17:19 | Construir | Farm |
| 17:19 | Construir | Farm |
| 17:19 | Construir | Farm |
| 17:20 | Construir | Farm |
| 17:20 | Construir | Farm |
| 17:29 | Investigar | Castle Age |
| 17:36 | Construir | Farm |
| 17:36 | Construir | Farm |
| 17:36 | Construir | Farm |
| 17:37 | Construir | Farm |
| 17:37 | Construir | Farm |
| 17:37 | Construir | Farm |
| 17:38 | Construir | Farm |
| 18:29 | Crear | Skirmisher |
| 18:30 | Crear | Skirmisher |
| 18:30 | Crear | Skirmisher |
| 18:30 | Crear | Skirmisher |
| 18:31 | Crear | Skirmisher |
| 18:31 | Crear | Skirmisher |
| 19:07 | Crear | Skirmisher |
| 19:08 | Crear | Skirmisher |
| 19:33 | Construir | House |
| 19:35 | Construir | House |
| 19:36 | Construir | House |
| 19:40 | Construir | House |
| 19:43 | Construir | House |
| 20:03 | Construir | Farm |
| 20:09 | Edad | Edad de los Castillos |
| 20:18 | Investigar | Double-Bit Axe |
| 20:36 | Construir | Town Center |
| 21:02 | Crear | Skirmisher |
| 21:03 | Crear | Skirmisher |
| 21:04 | Crear | Skirmisher |
| 21:05 | Crear | Skirmisher |
| 21:05 | Crear | Skirmisher |
| 21:05 | Crear | Skirmisher |
| 21:05 | Crear | Skirmisher |
| 21:13 | Investigar | Fletching |
| 21:47 | Crear | Villager (Male) |
| 21:47 | Crear | Villager (Male) |
| 21:48 | Crear | Villager (Male) |
| 21:48 | Crear | Villager (Male) |
| 21:48 | Crear | Villager (Male) |
| 21:48 | Crear | Villager (Male) |
| 21:51 | Crear | Villager (Male) |
| 21:51 | Crear | Villager (Male) |
| 21:57 | Crear | Villager (Male) |
| 21:57 | Crear | Villager (Male) |
| 21:57 | Crear | Villager (Male) |
| 21:58 | Crear | Villager (Male) |
| 21:58 | Crear | Villager (Male) |
| 21:58 | Crear | Villager (Male) |
| 22:25 | Construir | Town Center |
| 22:45 | Construir | Mining Camp |
| 23:25 | Construir | Monastery |
| 23:45 | Crear | Villager (Male) |
| 23:45 | Crear | Villager (Male) |
| 23:46 | Crear | Villager (Male) |
| 23:46 | Crear | Villager (Male) |
| 23:47 | Crear | Villager (Male) |
| 23:48 | Crear | Villager (Male) |
| 23:48 | Crear | Villager (Male) |
| 23:48 | Crear | Villager (Male) |
| 23:49 | Crear | Villager (Male) |
| 24:20 | Crear | Skirmisher |
| 24:27 | Crear | Monk |
| 24:27 | Crear | Monk |
| 24:58 | Construir | Farm |
| 25:53 | Crear | Villager (Male) |
| 25:53 | Crear | Villager (Male) |
| 25:53 | Crear | Villager (Male) |
| 25:54 | Crear | Villager (Male) |
| 25:55 | Crear | Villager (Male) |
| 25:55 | Crear | Villager (Male) |
| 25:56 | Crear | Villager (Male) |
| 26:00 | Crear | Skirmisher |
| 26:01 | Investigar | Elite Skirmisher (upgrade) |
Build order — Greenboy
Primeras 150 de 445 acciones detectadas
| 0:01 | Crear | Villager (Male) |
| 0:01 | Crear | Villager (Male) |
| 0:03 | Construir | House |
| 0:09 | Construir | House |
| 0:10 | Crear | Villager (Male) |
| 0:38 | Crear | Villager (Male) |
| 0:38 | Crear | Villager (Male) |
| 1:23 | Crear | Villager (Male) |
| 1:23 | Crear | Villager (Male) |
| 1:53 | Construir | Lumber Camp |
| 2:01 | Crear | Villager (Male) |
| 2:40 | Crear | Villager (Male) |
| 2:40 | Crear | Villager (Male) |
| 3:08 | Crear | Villager (Male) |
| 3:29 | Crear | Villager (Male) |
| 3:30 | Crear | Villager (Male) |
| 4:00 | Crear | Villager (Male) |
| 4:00 | Crear | Villager (Male) |
| 4:03 | Construir | House |
| 4:04 | Construir | House |
| 4:25 | Crear | Villager (Male) |
| 4:25 | Crear | Villager (Male) |
| 4:33 | Construir | Mill |
| 4:48 | Crear | Villager (Male) |
| 4:49 | Crear | Villager (Male) |
| 5:15 | Investigar | Loom |
| 5:36 | Construir | Lumber Camp |
| 5:53 | Crear | Villager (Male) |
| 5:53 | Crear | Villager (Male) |
| 6:20 | Crear | Villager (Male) |
| 6:20 | Crear | Villager (Male) |
| 6:32 | Crear | Villager (Male) |
| 6:33 | Crear | Villager (Male) |
| 6:33 | Crear | Villager (Male) |
| 6:33 | Crear | Villager (Male) |
| 6:40 | Construir | Palisade Wall |
| 7:13 | Construir | Palisade Gate |
| 7:42 | Construir | House |
| 7:43 | Construir | House |
| 7:54 | Crear | Villager (Male) |
| 7:55 | Crear | Villager (Male) |
| 7:55 | Crear | Villager (Male) |
| 8:03 | Construir | Farm |
| 8:16 | Construir | Palisade Wall |
| 8:25 | Construir | House |
| 8:36 | Construir | Farm |
| 9:00 | Construir | Farm |
| 9:05 | Investigar | Feudal Age |
| 9:19 | Construir | Palisade Gate |
| 9:32 | Construir | Mill |
| 9:48 | Construir | Palisade Wall |
| 10:07 | Construir | Palisade Wall |
| 10:55 | Construir | Mining Camp |
| 11:01 | Crear | Villager (Male) |
| 11:01 | Crear | Villager (Male) |
| 11:19 | Construir | Palisade Wall |
| 11:25 | Edad | Edad Feudal |
| 11:26 | Crear | Archer |
| 11:31 | Construir | Blacksmith |
| 11:59 | Investigar | Double-Bit Axe |
| 12:36 | Construir | Mining Camp |
| 12:38 | Crear | Villager (Male) |
| 12:38 | Crear | Villager (Male) |
| 12:38 | Crear | Villager (Male) |
| 13:15 | Construir | Lumber Camp |
| 13:17 | Crear | Villager (Male) |
| 13:31 | Crear | Archer |
| 13:41 | Construir | Palisade Gate |
| 14:16 | Crear | Villager (Male) |
| 14:20 | Investigar | Fletching |
| 14:25 | Construir | Mill |
| 14:29 | Crear | Villager (Male) |
| 14:40 | Construir | Barracks |
| 14:44 | Crear | Villager (Male) |
| 14:56 | Crear | Villager (Male) |
| 14:58 | Crear | Archer |
| 15:10 | Investigar | Gold Mining |
| 15:19 | Crear | Archer |
| 15:28 | Construir | Palisade Wall |
| 15:33 | Crear | Archer |
| 15:37 | Construir | Archery Range |
| 15:45 | Crear | Villager (Male) |
| 16:03 | Construir | Farm |
| 16:04 | Crear | Archer |
| 16:27 | Construir | Palisade Wall |
| 16:41 | Construir | House |
| 16:44 | Crear | Archer |
| 16:47 | Crear | Archer |
| 16:47 | Crear | Archer |
| 16:51 | Construir | House |
| 16:52 | Construir | House |
| 16:53 | Construir | House |
| 17:07 | Construir | House |
| 17:08 | Construir | House |
| 17:09 | Construir | House |
| 17:13 | Crear | Archer |
| 17:13 | Crear | Archer |
| 17:14 | Crear | Villager (Male) |
| 17:26 | Construir | Palisade Gate |
| 17:31 | Crear | Villager (Male) |
| 17:41 | Construir | House |
| 17:47 | Crear | Villager (Male) |
| 17:50 | Construir | Farm |
| 17:52 | Crear | Archer |
| 17:53 | Crear | Archer |
| 17:53 | Crear | Archer |
| 17:53 | Crear | Archer |
| 18:15 | Crear | Archer |
| 18:16 | Crear | Archer |
| 18:20 | Construir | Archery Range |
| 18:48 | Crear | Villager (Male) |
| 18:48 | Crear | Villager (Male) |
| 18:52 | Construir | Farm |
| 18:54 | Crear | Archer |
| 18:54 | Crear | Archer |
| 18:57 | Crear | Archer |
| 19:04 | Construir | Palisade Wall |
| 19:06 | Construir | House |
| 19:25 | Construir | House |
| 19:26 | Construir | House |
| 19:27 | Construir | House |
| 19:28 | Construir | House |
| 19:31 | Construir | Farm |
| 19:32 | Construir | Farm |
| 19:33 | Crear | Villager (Male) |
| 20:06 | Crear | Villager (Male) |
| 20:06 | Crear | Villager (Male) |
| 20:10 | Construir | Farm |
| 20:11 | Construir | Farm |
| 20:23 | Construir | Farm |
| 20:24 | Construir | Farm |
| 20:26 | Construir | Farm |
| 20:27 | Construir | Farm |
| 20:31 | Crear | Archer |
| 20:31 | Crear | Archer |
| 20:32 | Crear | Archer |
| 20:32 | Crear | Archer |
| 20:33 | Crear | Archer |
| 20:33 | Crear | Archer |
| 20:37 | Construir | Palisade Wall |
| 20:55 | Crear | Villager (Male) |
| 21:00 | Construir | Farm |
| 21:04 | Construir | Farm |
| 21:07 | Crear | Archer |
| 21:07 | Crear | Archer |
| 21:08 | Crear | Archer |
| 21:08 | Crear | Archer |
| 21:09 | Crear | Archer |
| 21:09 | Crear | Archer |
| 21:31 | Crear | Villager (Male) |
Build order — kvuqywyzyh
Primeras 150 de 267 acciones detectadas
| 0:09 | Construir | House |
| 0:26 | Crear | Villager (Male) |
| 0:26 | Crear | Villager (Male) |
| 0:26 | Crear | Villager (Male) |
| 0:49 | Construir | House |
| 1:09 | Crear | Villager (Male) |
| 1:09 | Crear | Villager (Male) |
| 1:48 | Crear | Villager (Male) |
| 1:48 | Crear | Villager (Male) |
| 2:28 | Crear | Villager (Male) |
| 2:28 | Crear | Villager (Male) |
| 2:28 | Crear | Villager (Male) |
| 3:51 | Construir | Mill |
| 3:59 | Crear | Villager (Male) |
| 3:59 | Crear | Villager (Male) |
| 4:00 | Crear | Villager (Male) |
| 4:00 | Crear | Villager (Male) |
| 4:01 | Crear | Villager (Male) |
| 4:01 | Crear | Villager (Male) |
| 4:07 | Construir | House |
| 4:41 | Construir | House |
| 5:47 | Construir | Lumber Camp |
| 5:54 | Crear | Villager (Male) |
| 5:54 | Crear | Villager (Male) |
| 6:58 | Crear | Villager (Male) |
| 6:59 | Crear | Villager (Male) |
| 6:59 | Crear | Villager (Male) |
| 6:59 | Crear | Villager (Male) |
| 8:18 | Crear | Villager (Male) |
| 8:18 | Crear | Villager (Male) |
| 8:19 | Crear | Villager (Male) |
| 8:19 | Crear | Villager (Male) |
| 9:30 | Construir | House |
| 10:17 | Construir | House |
| 10:49 | Crear | Villager (Male) |
| 10:49 | Crear | Villager (Male) |
| 10:49 | Crear | Villager (Male) |
| 10:50 | Crear | Villager (Male) |
| 11:07 | Construir | Mining Camp |
| 11:19 | Construir | Farm |
| 11:21 | Construir | Farm |
| 11:22 | Construir | Farm |
| 11:23 | Construir | Farm |
| 11:25 | Construir | Farm |
| 11:26 | Construir | Farm |
| 11:31 | Construir | Farm |
| 11:45 | Construir | Farm |
| 12:40 | Construir | Farm |
| 12:42 | Construir | Farm |
| 12:44 | Investigar | Feudal Age |
| 13:46 | Construir | Palisade Wall |
| 14:00 | Construir | Palisade Wall |
| 14:54 | Edad | Edad Feudal |
| 15:03 | Construir | Stone Wall |
| 15:21 | Crear | Archer |
| 15:22 | Crear | Archer |
| 15:22 | Crear | Archer |
| 15:22 | Crear | Archer |
| 15:23 | Crear | Archer |
| 15:23 | Crear | Archer |
| 15:35 | Crear | Villager (Male) |
| 15:36 | Crear | Villager (Male) |
| 15:36 | Crear | Villager (Male) |
| 15:36 | Crear | Villager (Male) |
| 15:36 | Crear | Villager (Male) |
| 17:36 | Construir | House |
| 17:45 | Construir | Stone Wall |
| 17:55 | Construir | Mining Camp |
| 18:03 | Construir | Farm |
| 18:05 | Construir | Farm |
| 18:06 | Construir | Farm |
| 18:11 | Construir | Farm |
| 18:12 | Construir | Farm |
| 18:15 | Crear | Villager (Male) |
| 18:15 | Crear | Villager (Male) |
| 18:16 | Crear | Villager (Male) |
| 18:16 | Crear | Villager (Male) |
| 18:16 | Crear | Villager (Male) |
| 18:16 | Crear | Villager (Male) |
| 18:16 | Crear | Villager (Male) |
| 18:17 | Crear | Villager (Male) |
| 18:36 | Construir | House |
| 19:13 | Crear | Archer |
| 19:13 | Crear | Archer |
| 19:13 | Crear | Archer |
| 19:13 | Crear | Archer |
| 19:33 | Construir | Mining Camp |
| 20:12 | Crear | Villager (Male) |
| 20:12 | Crear | Villager (Male) |
| 20:55 | Crear | Villager (Male) |
| 20:55 | Crear | Villager (Male) |
| 21:55 | Construir | House |
| 22:07 | Construir | Stone Wall |
| 22:16 | Construir | House |
| 22:43 | Construir | House |
| 23:16 | Construir | Market |
| 23:28 | Construir | Market |
| 23:54 | Construir | Farm |
| 24:01 | Construir | Farm |
| 24:09 | Construir | Farm |
| 24:45 | Construir | Blacksmith |
| 24:53 | Investigar | Horse Collar |
| 25:07 | Investigar | Castle Age |
| 25:08 | Crear | Villager (Male) |
| 25:09 | Crear | Villager (Male) |
| 25:09 | Crear | Villager (Male) |
| 25:09 | Crear | Villager (Male) |
| 25:35 | Investigar | Stone Mining |
| 25:46 | Investigar | Double-Bit Axe |
| 26:13 | Investigar | Fletching |
| 26:19 | Investigar | Padded Archer Armor |
| 26:48 | Crear | Villager (Male) |
| 26:48 | Crear | Villager (Male) |
| 27:47 | Edad | Edad de los Castillos |
| 27:58 | Construir | Castle |
| 28:15 | Crear | Villager (Male) |
| 28:15 | Crear | Villager (Male) |
| 28:23 | Construir | Town Center |
| 28:32 | Investigar | Bow Saw |
| 28:40 | Construir | Farm |
| 29:26 | Crear | Villager (Male) |
| 29:26 | Crear | Villager (Male) |
| 29:27 | Crear | Villager (Male) |
| 29:27 | Crear | Villager (Male) |
| 29:27 | Crear | Villager (Male) |
| 29:32 | Crear | Villager (Male) |
| 29:32 | Crear | Villager (Male) |
| 29:32 | Crear | Villager (Male) |
| 29:55 | Investigar | Crossbowman (upgrade) |
| 29:59 | Crear | Longbowman |
| 29:59 | Crear | Longbowman |
| 29:59 | Crear | Longbowman |
| 30:09 | Investigar | Leather Archer Armor |
| 30:10 | Investigar | Bodkin Arrow |
| 30:14 | Construir | Farm |
| 30:31 | Construir | Farm |
| 31:01 | Construir | House |
| 31:04 | Construir | House |
| 31:05 | Construir | House |
| 31:13 | Investigar | Bow Saw |
| 31:15 | Crear | Villager (Male) |
| 31:15 | Crear | Villager (Male) |
| 31:16 | Crear | Villager (Male) |
| 31:16 | Crear | Villager (Male) |
| 31:19 | Crear | Villager (Male) |
| 31:22 | Investigar | Wheelbarrow |
| 32:21 | Crear | Villager (Male) |
| 32:21 | Crear | Villager (Male) |
| 32:21 | Crear | Villager (Male) |
| 32:41 | Construir | Farm |
Build order — An3
Primeras 150 de 279 acciones detectadas
| 0:01 | Crear | Villager (Male) |
| 0:02 | Crear | Villager (Male) |
| 0:02 | Crear | Villager (Male) |
| 0:02 | Crear | Villager (Male) |
| 0:10 | Construir | House |
| 0:11 | Construir | House |
| 0:13 | Construir | House |
| 1:31 | Investigar | Loom |
| 1:36 | Crear | Villager (Male) |
| 1:36 | Crear | Villager (Male) |
| 2:37 | Crear | Villager (Male) |
| 2:37 | Crear | Villager (Male) |
| 3:37 | Crear | Villager (Male) |
| 3:38 | Crear | Villager (Male) |
| 3:50 | Crear | Villager (Male) |
| 4:14 | Crear | Villager (Male) |
| 4:14 | Crear | Villager (Male) |
| 5:55 | Crear | Villager (Male) |
| 5:56 | Crear | Villager (Male) |
| 5:56 | Crear | Villager (Male) |
| 6:54 | Construir | Lumber Camp |
| 7:24 | Construir | Mill |
| 7:32 | Crear | Villager (Male) |
| 8:22 | Crear | Villager (Male) |
| 8:23 | Crear | Villager (Male) |
| 9:06 | Construir | Mining Camp |
| 9:34 | Investigar | Feudal Age |
| 10:23 | Crear | Villager (Male) |
| 10:24 | Crear | Villager (Male) |
| 10:49 | Construir | Mill |
| 11:27 | Crear | Villager (Male) |
| 11:44 | Edad | Edad Feudal |
| 12:07 | Construir | House |
| 12:10 | Construir | House |
| 12:11 | Construir | House |
| 12:12 | Construir | House |
| 12:14 | Construir | House |
| 13:15 | Construir | Blacksmith |
| 13:22 | Crear | Skirmisher |
| 13:23 | Crear | Skirmisher |
| 13:23 | Crear | Skirmisher |
| 13:24 | Crear | Skirmisher |
| 13:48 | Investigar | Wheelbarrow |
| 14:04 | Crear | Villager (Male) |
| 14:05 | Crear | Villager (Male) |
| 14:42 | Crear | Skirmisher |
| 15:06 | Construir | Farm |
| 15:49 | Construir | Market |
| 16:53 | Crear | Villager (Male) |
| 16:54 | Crear | Villager (Male) |
| 17:09 | Crear | Villager (Male) |
| 17:09 | Crear | Villager (Male) |
| 17:17 | Investigar | Fletching |
| 17:21 | Crear | Villager (Male) |
| 17:36 | Construir | Farm |
| 17:36 | Construir | Farm |
| 17:37 | Construir | Farm |
| 17:37 | Construir | Farm |
| 17:37 | Construir | Farm |
| 17:38 | Construir | Farm |
| 17:38 | Construir | Farm |
| 17:38 | Construir | Farm |
| 18:00 | Construir | Mining Camp |
| 18:13 | Crear | Villager (Male) |
| 18:42 | Crear | Trade Cart |
| 19:07 | Crear | Villager (Male) |
| 19:08 | Crear | Villager (Male) |
| 19:41 | Construir | Barracks |
| 20:17 | Investigar | Forging |
| 20:39 | Construir | Farm |
| 20:39 | Construir | Farm |
| 20:40 | Construir | Farm |
| 20:40 | Construir | Farm |
| 20:40 | Construir | Farm |
| 20:42 | Construir | Farm |
| 20:43 | Construir | Farm |
| 21:21 | Crear | Villager (Male) |
| 21:22 | Crear | Villager (Male) |
| 21:55 | Crear | Villager (Male) |
| 21:56 | Crear | Villager (Male) |
| 22:30 | Crear | Spearman |
| 22:31 | Crear | Spearman |
| 22:31 | Crear | Spearman |
| 23:00 | Construir | Farm |
| 23:19 | Crear | Villager (Male) |
| 23:19 | Crear | Villager (Male) |
| 23:39 | Construir | House |
| 23:40 | Construir | House |
| 23:41 | Construir | House |
| 23:45 | Construir | House |
| 23:46 | Construir | House |
| 23:47 | Construir | House |
| 23:48 | Construir | House |
| 23:50 | Construir | House |
| 23:51 | Construir | House |
| 23:53 | Construir | House |
| 24:03 | Construir | House |
| 24:05 | Construir | House |
| 24:16 | Crear | Spearman |
| 24:16 | Crear | Spearman |
| 24:22 | Crear | Villager (Male) |
| 24:23 | Crear | Villager (Male) |
| 24:23 | Crear | Villager (Male) |
| 24:40 | Investigar | Double-Bit Axe |
| 24:47 | Crear | Trade Cart |
| 24:47 | Crear | Trade Cart |
| 25:04 | Investigar | Castle Age |
| 26:07 | Construir | Stable |
| 26:09 | Construir | Stable |
| 26:12 | Construir | Stable |
| 26:40 | Construir | Stable |
| 27:02 | Investigar | Scale Barding Armor |
| 27:18 | Crear | Villager (Male) |
| 27:18 | Crear | Villager (Male) |
| 27:19 | Crear | Villager (Male) |
| 27:19 | Crear | Villager (Male) |
| 27:44 | Edad | Edad de los Castillos |
| 27:56 | Investigar | Pikeman (upgrade) |
| 27:57 | Investigar | Squires |
| 28:20 | Construir | University |
| 28:36 | Crear | Villager (Male) |
| 28:37 | Crear | Villager (Male) |
| 30:00 | Construir | Stable |
| 30:11 | Investigar | Light Cavalry (upgrade) |
| 30:13 | Investigar | Husbandry |
| 30:14 | Crear | Knight |
| 30:14 | Crear | Knight |
| 30:15 | Crear | Knight |
| 30:15 | Crear | Knight |
| 30:15 | Crear | Knight |
| 30:16 | Crear | Knight |
| 30:16 | Crear | Knight |
| 30:27 | Crear | Skirmisher |
| 30:27 | Crear | Skirmisher |
| 30:32 | Crear | Villager (Male) |
| 31:02 | Crear | Villager (Male) |
| 31:03 | Crear | Villager (Male) |
| 31:04 | Investigar | Hand Cart |
| 31:13 | Crear | Villager (Male) |
| 31:14 | Crear | Villager (Male) |
| 31:23 | Construir | Town Center |
| 32:46 | Investigar | Elite Skirmisher (upgrade) |
| 33:00 | Crear | Villager (Male) |
| 33:01 | Crear | Villager (Male) |
| 33:01 | Crear | Villager (Male) |
| 33:02 | Crear | Villager (Male) |
| 33:02 | Crear | Villager (Male) |
| 33:02 | Crear | Villager (Male) |
| 33:02 | Crear | Villager (Male) |
| 33:03 | Crear | Villager (Male) |
Cronología de la partida
| 6:40 | Greenboy · wall_segment Palisade Wall x13 |
| 8:16 | Greenboy · wall_segment Palisade Wall x13 |
| 9:48 | Greenboy · wall_segment Palisade Wall x1 |
| 10:07 | Greenboy · wall_segment Palisade Wall x8 |
| 10:37 | azuasis · wall_segment Palisade Wall x9 |
| 10:37 | 我的最爱叫婷婷 · first_building Barracks |
| 10:55 | azuasis · wall_segment Palisade Wall x16 |
| 11:19 | Greenboy · wall_segment Palisade Wall x19 |
| 11:22 | Imass Debate · first_building Barracks |
| 11:25 | Greenboy · age_up feudal |
| 11:44 | avocado toast · first_building Barracks |
| 11:44 | An3 · age_up feudal |
| 12:18 | azuasis · wall_segment Palisade Wall x9 |
| 12:58 | 我的最爱叫婷婷 · age_up feudal |
| 13:26 | 我的最爱叫婷婷 · first_building Stable |
| 13:33 | avocado toast · age_up feudal |
| 13:39 | azuasis · wall_segment Palisade Wall x3 |
| 13:46 | kvuqywyzyh · wall_segment Palisade Wall x17 |
| 13:49 | azuasis · wall_segment Palisade Wall x29 |
| 14:00 | kvuqywyzyh · wall_segment Palisade Wall x11 |
| 14:05 | Imass Debate · age_up feudal |
| 14:40 | Greenboy · first_building Barracks |
| 14:47 | 我的最爱叫婷婷 · wall_segment Stone Wall x1 |
| 14:54 | kvuqywyzyh · age_up feudal |
| 15:03 | kvuqywyzyh · wall_segment Stone Wall x39 |
| 15:28 | Greenboy · wall_segment Palisade Wall x7 |
| 15:37 | Greenboy · first_building Archery Range |
| 16:27 | Greenboy · wall_segment Palisade Wall x3 |
| 17:13 | Imass Debate · first_market_buy 100 food |
| 17:45 | azuasis · wall_segment Palisade Wall x15 |
| 17:45 | kvuqywyzyh · wall_segment Stone Wall x7 |
| 19:04 | Greenboy · wall_segment Palisade Wall x6 |
| 19:41 | An3 · first_building Barracks |
| 19:58 | Imass Debate · age_up castle |
| 20:01 | Imass Debate · first_building Siege Workshop |
| 20:09 | avocado toast · age_up castle |
| 20:12 | avocado toast · first_market_buy 100 wood |
| 20:37 | Greenboy · wall_segment Palisade Wall x3 |
| 20:44 | azuasis · wall_segment Stone Wall x16 |
| 21:08 | azuasis · first_market_buy 100 food |
| 21:41 | Greenboy · wall_segment Palisade Wall x9 |
| 22:07 | kvuqywyzyh · wall_segment Stone Wall x12 |
| 22:18 | 我的最爱叫婷婷 · age_up castle |
| 22:33 | azuasis · first_building Barracks |
| 23:12 | azuasis · first_building Archery Range |
| 23:25 | avocado toast · first_building Monastery |
| 24:53 | An3 · first_market_buy 100 food |
| 25:44 | Truslero · first_building Barracks |
| 26:07 | An3 · first_building Stable |
| 26:18 | Greenboy · wall_segment Palisade Wall x5 |
| 26:32 | Truslero · first_building Stable |
| 26:40 | 我的最爱叫婷婷 · first_building Castle |
| 26:59 | azuasis · first_building Castle |
| 27:15 | azuasis · first_building Monastery |
| 27:34 | Truslero · first_market_sell 100 wood |
| 27:37 | Truslero · first_market_buy 100 food |
| 27:44 | An3 · age_up castle |
| 27:47 | kvuqywyzyh · age_up castle |
| 27:58 | kvuqywyzyh · first_building Castle |
| 28:02 | azuasis · first_building Siege Workshop |
| 28:06 | Greenboy · age_up castle |
| 29:03 | Imass Debate · first_building Monastery |
| 30:17 | azuasis · first_building Stable |
| 31:55 | avocado toast · first_building Castle |
| 32:25 | 我的最爱叫婷婷 · first_building Monastery |
| 33:07 | kvuqywyzyh · first_building Monastery |
| 33:16 | azuasis · first_market_sell 100 stone |
| 33:41 | An3 · first_building Archery Range |
| 34:31 | Truslero · first_building Monastery |
| 35:09 | 我的最爱叫婷婷 · wall_segment Stone Wall x15 |
| 35:35 | Imass Debate · age_up imperial |
| 35:52 | kvuqywyzyh · first_building Barracks |
| 36:57 | avocado toast · age_up imperial |
| 37:32 | Truslero · first_building Castle |
| 37:58 | An3 · first_building Castle |
| 40:20 | Greenboy · first_building Stable |
| 40:42 | 我的最爱叫婷婷 · age_up imperial |
| 40:43 | Greenboy · first_building Castle |
| 40:43 | kvuqywyzyh · age_up imperial |
| 41:16 | 我的最爱叫婷婷 · wall_segment Stone Wall x2 |
| 41:41 | 我的最爱叫婷婷 · first_market_buy 100 stone |
| 42:12 | Imass Debate · resign |
| 46:20 | Greenboy · age_up imperial |
| 46:45 | An3 · age_up imperial |
| 48:01 | kvuqywyzyh · first_market_buy 100 wood |
[ ANÁLISIS IA · 1 CRÉDITO ]
¿Qué pasó realmente en esta partida?
Wolo.gg analiza cada decisión: build order, eco, micro, errores típicos por bracket. Análisis personalizado por WhatsApp o Discord en 30 segundos.
Guía civ
Teutones
Perfil
我的最爱叫婷婷